[Event "GER-chT States Women 2022"]
[Site "Braunfels"]
[Date "2022.06.17"]
[Round "3.19"]
[White "Barpiyeva, Gulsana"]
[Black "Gressmann, Hanna"]
[Result "1-0"]
[ECO "D15"]
[WhiteElo "2016"]
[BlackElo "1892"]
[Annotator "TA"]
[PlyCount "69"]
[EventDate "2022.06.15"]
[EventType "swiss"]
[EventCountry "GER"]
[SourceTitle "playchess.com"]
[Source "ChessBase"]
[SourceQuality "1"]
[TimeControl "40/5400+30:1800+30"]

1. d4 d5 2. c4 c6 3. Nc3 Nf6 4. Nf3 dxc4 5. e3 b5 6. a4 b4 7. Nb1 e6 8. Bxc4 a5 9. O-O {[%emt 0:02:24] D15: Slav Defence: 4 Nc3 a6 and gambit lines after 4 Nc3 dxc4.} Be7 10. Qe2 O-O 11. Rd1 {[%emt 0:05:53] [#] White has an edge.} Qc7 $146 ({Predecessor:} 11... Nbd7 12. Nbd2 Bb7 13. Nb3 c5 14. Nxc5 Nxc5 15. dxc5 Qc7 16. h3 Rfd8 17. Rxd8+ Rxd8 {½-½ (28) Szabolcsi,J (2324)-Zentai,P (2236) Budapest 2014}) 12. b3 Nbd7 13. e4 Bb7 14. Bb2 (14. Bg5 $5 ) 14... Rfe8 (14... c5 $11) 15. Nbd2 $16 Rac8 16. Rac1 Qb8 17. h3 ({Better is} 17. Ne5 $14) 17... c5 $11 18. Bb5 {[%emt 0:03:35] [#] Black must now prevent e5.} Bc6 (18... Red8 $14) 19. Bxc6 $16 Rxc6 20. Nc4 Qa8 21. d5 exd5 22. exd5 Ra6 23. Qd3 {[%emt 0:03:35] White is much more active.} Bf8 24. Rc2 Nb6 $2 {[%emt 0:04:28] Loses the game.} (24... Rd8 $16 {was called for.} 25. Rcd2 h6) 25. Bxf6 $18 gxf6 26. Qf5 (26. Nh4 $142) 26... Nxc4 27. Rxc4 $40 {[%emt 0:00:37][%mdl 128] White attacks with force.} Qb8 (27... Qc8 $142 28. Nd4 Qxf5 29. Nxf5 Rd8) 28. Rh4 {[%emt 0:06:11][%csl Gh4][%cal Rf5h7] [#]} h6 29. Rg4+ Kh8 30. Qh5 Re7 (30... Qc7 31. Nh4 f5 32. Nxf5 Rf6) 31. Nh4 {[%emt 0:02:29] Nf5 is the strong threat. White is clearly winning.} Qe8 32. Nf5 {[%emt 0:04:27][%csl LRe7,LRh6] White wants to mate with Rg3.} Re5 33. f4 Rxf5 34. Qxf5 Rd6 35. Rd3 {[%emt 0:03:22] Weighted Error Value: White=0.15 (very precise) /Black=0.49} 1-0

[Event "GER-chT States Women 2022"]
[Site "Braunfels"]
[Date "2022.06.17"]
[Round "3.20"]
[White "Falke, Ornella"]
[Black "Buchholz, Maja"]
[Result "1/2-1/2"]
[ECO "A36"]
[WhiteElo "1844"]
[BlackElo "1945"]
[Annotator "NA RC"]
[PlyCount "81"]
[EventDate "2022.06.15"]
[EventType "swiss"]
[EventCountry "GER"]
[SourceTitle "playchess.com"]
[Source "ChessBase"]
[SourceQuality "1"]
[TimeControl "40/5400+30:1800+30"]

1. c4 c5 2. Nc3 g6 3. g3 Bg7 4. Bg2 Nc6 5. e4 Nf6 6. Nge2 O-O 7. O-O a6 8. d3 Ne8 9. Be3 d6 10. h3 Rb8 11. a4 Nc7 12. Qd2 b5 13. Rab1 bxc4 14. dxc4 Ne5 15. b3 Bxh3 16. Bh6 Bxg2 17. Kxg2 Ng4 18. Bxg7 Kxg7 19. Rh1 h5 20. f3 Nf6 21. Nf4 Rh8 22. Nce2 Qd7 23. Qc3 e5 24. Nd3 Ne6 25. Rhd1 Qc6 26. b4 Qxa4 27. bxc5 Qa2 28. Rb2 Rxb2 29. Nxb2 dxc5 30. Nc1 Qa1 31. Ncd3 Qa2 32. Nc1 Qb1 33. Nb3 Nxe4 34. Qxe5+ f6 35. Rxb1 fxe5 36. fxe4 h4 37. Nd3 h3+ 38. Kh2 Ng5 39. Nd2 Rd8 40. Rb3 Rd4 41. Ra3 1/2-1/2

[Event "GER-chT States Women 2022"]
[Site "Braunfels"]
[Date "2022.06.17"]
[Round "3.21"]
[White "Frank, Michelle Viviane"]
[Black "Mundt, Alexandra"]
[Result "0-1"]
[ECO "E77"]
[WhiteElo "1882"]
[BlackElo "1782"]
[Annotator "NA RC"]
[PlyCount "38"]
[EventDate "2022.06.15"]
[EventType "swiss"]
[EventCountry "GER"]
[SourceTitle "playchess.com"]
[Source "ChessBase"]
[SourceQuality "1"]
[TimeControl "40/5400+30:1800+30"]

1. d4 g6 2. e4 Bg7 3. c4 c5 4. d5 d6 5. Nc3 Nf6 6. Be2 O-O 7. f4 e6 8. Nf3 Re8 9. O-O exd5 10. exd5 Bg4 11. Bd3 Nh5 12. Qc2 Bxf3 13. gxf3 Qh4 14. Ne2 Nd7 15. Bd2 Qh3 16. Rf2 Rxe2 17. Rxe2 Bd4+ 18. Be3 Nxf4 19. Ree1 Qxf3 0-1

[Event "GER-chT States Women 2022"]
[Site "Braunfels"]
[Date "2022.06.17"]
[Round "3.22"]
[White "Braeutigam, Katerina"]
[Black "Ries, Jutta"]
[Result "0-1"]
[ECO "B03"]
[WhiteElo "1860"]
[BlackElo "2015"]
[Annotator "NA RC"]
[PlyCount "58"]
[EventDate "2022.06.15"]
[EventType "swiss"]
[EventCountry "GER"]
[SourceTitle "playchess.com"]
[Source "ChessBase"]
[SourceQuality "1"]
[TimeControl "40/5400+30:1800+30"]

1. e4 Nf6 2. e5 Nd5 3. d4 d6 4. c4 Nb6 5. exd6 cxd6 6. Be2 g6 7. Nf3 Bg7 8. O-O O-O 9. b3 Nc6 10. Bb2 d5 11. c5 Nd7 12. Nc3 Nf6 13. a3 Bg4 14. h3 Bxf3 15. Bxf3 e6 16. b4 a6 17. Na4 Nd7 18. Bc3 Qh4 19. g3 Qxh3 20. Bg4 Qh6 21. Kg2 Qg5 22. Rh1 f5 23. Be2 Qe7 24. f4 Bf6 25. b5 axb5 26. Bxb5 Ra7 27. Nb6 Nxb6 28. Bxc6 Nc4 29. Bb5 Ne3+ 0-1

[Event "GER-chT States Women 2022"]
[Site "Braunfels"]
[Date "2022.06.17"]
[Round "3.23"]
[White "Werner, Rosalie"]
[Black "Leib, Britta"]
[Result "0-1"]
[ECO "B01"]
[WhiteElo "1712"]
[BlackElo "1906"]
[Annotator "TA"]
[PlyCount "142"]
[EventDate "2022.06.15"]
[EventType "swiss"]
[EventCountry "GER"]
[SourceTitle "playchess.com"]
[Source "ChessBase"]
[SourceQuality "1"]
[TimeControl "40/5400+30:1800+30"]

1. e4 d5 2. exd5 Qxd5 3. Nc3 Qa5 4. d4 c6 5. Nf3 Nf6 6. Bd2 Qc7 7. Bc4 {[%emt 0:07:49] 7.Bc4 is better than 7.Bd3. B01: Scandinavian Defence.} e6 8. O-O Be7 9. Re1 {[%emt 0:02:09] White is slightly better.} O-O {[%emt 0:01:23] [#]} 10. Ne2 $146 ({Predecessor:} 10. Ne5 Nbd7 11. Bf4 Nxe5 12. dxe5 Rd8 13. Qf3 Nd7 14. Qg4 Kh8 15. Ne4 Nb6 16. Bd3 {½-½ (24) Abascal Vicente,I (1644)-Climent Vidal,P (1485) Barcelona 2020}) 10... Bd6 11. Ng3 Nbd7 12. Qe2 Re8 13. Ne5 Nf8 14. Nh5 Nxh5 15. Qxh5 Ng6 ({Black should play} 15... Rd8 $14) 16. Re3 $16 c5 17. Rh3 Nf8 18. Bb5 Re7 19. Bd3 g6 20. Qh4 $40 {[%emt 0:05:07][%mdl 128] White has strong attack.} cxd4 21. Bg5 f5 {[%emt 0:00:44] Prevents Ng4.} 22. Bxe7 Bxe7 23. Qxd4 Bf6 24. f4 Nd7 25. Re1 a6 $2 (25... Nxe5 26. fxe5 Be7) 26. Bc4 Nb6 (26... Nxe5 $142 27. fxe5 Be7) 27. Bb3 $18 Kg7 (27... Nd5 {is a better defense.} 28. Bxd5 Qa5) 28. Rc3 Qd8 29. Qxd8 Bxd8 30. Rd1 {[%emt 0:00:07] Inhibits Nd5.} Be7 31. Rc7 Kf6 32. c4 Rb8 {[%emt 0:00:52] [#]} 33. Kf1 $2 (33. Rd8 $3 {[%cal Od8f8][%mdl 512] Threatening mate with Rf8+!} Bc5+ (33... Nd7 34. Rdxd7) 34. Kf1) 33... h6 $2 {[%emt 0:01:38] [#]} (33... Na8) 34. c5 (34. Rd8 $142 $3 Bd7 (34... Nd7 35. Rdxd7) 35. Rxb8) 34... Na8 {[%emt 0:00:01] [#]} 35. Nd7+ (35. Rcd7 $142 $1 ) 35... Bxd7 36. Rcxd7 Bxc5 37. Re1 Re8 38. Rxb7 g5 39. g3 gxf4 40. gxf4 Bd6 41. Kg2 Bxf4 42. h4 Rg8+ (42... Nc7 {was worth a try.} 43. Kf3 Bd6) 43. Kf3 Be5 44. Ra7 Rg3+ 45. Ke2 $2 (45. Kf2 $18 {aiming for Rxe5.} Rg8 46. Kf1 (46. Rxa6 Nc7 $11) (46. Bxe6 Re8 $16)) 45... Nc7 $11 46. Kd1 {[%emt 0:00:50][%cal Oa7c7] Hoping for Rxc7!} Rd3+ (46... Rg7 $11) 47. Kc2 $16 Rd7 48. Bc4 Re7 49. Bxa6 $2 (49. b4 $16 {stays on course.}) 49... Bd4 $19 50. Rxc7 Rxc7+ {[%emt 0:00:02][%mdl 4096] Endgame KRB-KRB} 51. Kb1 f4 52. Rf1 (52. Rc1 $17 {was called for.} Rg7 53. Rc6) 52... e5 53. Bd3 {[%emt 0:01:01] [#]} Rg7 $1 54. Be4 Rg3 55. h5 (55. Kc1 $142) 55... Re3 56. Bd5 Re2 57. b4 (57. Rd1 $142) 57... Rb2+ 58. Kc1 Rxb4 59. Kc2 Kf5 60. a3 (60. Re1 $142) 60... Rb5 61. Bc4 Rb2+ 62. Kd3 Rh2 {[%emt 0:00:05] Threatens to win with ...Rh3+.} 63. Bf7 $2 (63. Bd5) 63... Rh3+ 64. Ke2 Rxa3 {[%emt 0:00:33] Strongly threatening ...e4.} 65. Bg6+ Kf6 (65... Kg4 $142 {[%cal Oe5e4] ( -> ...e4!)} 66. Kd2 f3) 66. Bd3 Kg5 {[%emt 0:01:31] ...e4 is the strong threat.} 67. Bg6 e4 {[%emt 0:00:58] Black mates.} 68. Kd2 Ra2+ 69. Kd1 Ra1+ 70. Ke2 f3+ 71. Rxf3 Ra2+ {[%emt 0:00:37] What a bad dream for White.  Weighted Error Value: White=0.68/Black=0.24 (precise)} 0-1

[Event "GER-chT States Women 2022"]
[Site "Braunfels"]
[Date "2022.06.17"]
[Round "3.24"]
[White "Freter, Anke"]
[Black "Krausse, Vanessa"]
[Result "1-0"]
[ECO "B24"]
[WhiteElo "1856"]
[BlackElo "1632"]
[Annotator "NA RC"]
[PlyCount "85"]
[EventDate "2022.06.15"]
[EventType "swiss"]
[EventCountry "GER"]
[SourceTitle "playchess.com"]
[Source "ChessBase"]
[SourceQuality "1"]
[TimeControl "40/5400+30:1800+30"]

1. e4 c5 2. Nc3 Nc6 3. g3 Nf6 4. Bg2 g6 5. f4 d6 6. d3 Bg7 7. Nf3 O-O 8. O-O Bd7 9. h3 Qb6 10. Kh2 e6 11. g4 a6 12. Ne2 d5 13. e5 Ne8 14. c3 f6 15. d4 cxd4 16. cxd4 fxe5 17. fxe5 Rc8 18. b3 Nb4 19. a3 Nc6 20. Bg5 Nc7 21. Qd2 Na5 22. Rab1 Bb5 23. Be7 Rf7 24. Bc5 Qc6 25. Rfc1 Bxe2 26. Qxe2 Qd7 27. Ng5 Bh6 28. Nxf7 $18 Bxc1 29. Rxc1 Qxf7 30. Rf1 Qg7 31. Qf3 Nc6 32. g5 Nb5 33. Qg4 Re8 34. Rf6 Qd7 35. h4 Kg7 36. Bh3 Nc7 37. h5 Ne7 38. hxg6 hxg6 39. Qf3 Nf5 40. Qd3 Nb5 41. Kg1 Qc6 42. Bxf5 gxf5 43. Qh3 1-0

[Event "GER-chT States Women 2022"]
[Site "Braunfels"]
[Date "2022.06.17"]
[Round "3.25"]
[White "Wagner, Margarethe"]
[Black "Steinbacher, Claudia"]
[Result "0-1"]
[ECO "B28"]
[WhiteElo "1902"]
[BlackElo "2020"]
[Annotator "NA RC"]
[PlyCount "76"]
[EventDate "2022.06.15"]
[EventType "swiss"]
[EventCountry "GER"]
[SourceTitle "playchess.com"]
[Source "ChessBase"]
[SourceQuality "1"]
[TimeControl "40/5400+30:1800+30"]

1. e4 c5 2. Nf3 a6 3. c3 d6 4. d4 cxd4 5. cxd4 g6 6. Nc3 Bg7 7. Be3 Nc6 8. h3 Nf6 9. Be2 O-O 10. a4 e5 11. d5 Ne7 12. g4 Nd7 13. g5 f5 14. gxf6 Nxf6 15. Ng5 Kh8 16. a5 h6 17. Nf3 Nh5 18. Nh4 Nf4 19. Bg4 g5 20. Bb6 Qe8 21. Nf3 Neg6 22. Kd2 Bxg4 23. hxg4 Kg8 24. Kc2 Rc8 25. Nd2 Qb5 26. Nf1 Ne2 27. Ra3 Nxc3 28. bxc3 Qb4 29. Rb3 Qxe4+ 30. Qd3 Qxh1 31. Ng3 e4 32. Nxe4 Ne5 33. Qe2 Nc4 34. Ng3 Qxd5 35. Nf5 Rxf5 36. gxf5 Qxf5+ 37. Kc1 Nxb6 38. axb6 Bxc3 0-1

[Event "GER-chT States Women 2022"]
[Site "Braunfels"]
[Date "2022.06.17"]
[Round "3.26"]
[White "Peglau, Dora"]
[Black "Wagner, Victoria"]
[Result "0-1"]
[ECO "D37"]
[WhiteElo "2008"]
[BlackElo "1806"]
[Annotator "TA"]
[PlyCount "110"]
[EventDate "2022.06.15"]
[EventType "swiss"]
[EventCountry "GER"]
[SourceTitle "playchess.com"]
[Source "ChessBase"]
[SourceQuality "1"]
[TimeControl "40/5400+30:1800+30"]

1. d4 d5 2. c4 e6 3. Nc3 Nf6 4. Nf3 a6 5. cxd5 exd5 6. Bg5 {[%emt 0:01:38] D37: Queen's Gambit Declined: 5 Bf4.} Be6 7. e3 Nbd7 8. Be2 {[%emt 0:02:15] White has an edge.} Bd6 9. O-O c6 10. Qc2 Qc7 {[%emt 0:03:24] [#]} 11. e4 $146 (11. Bh4 $11) ({Predecessor:} 11. Bh4 h6 12. Rac1 O-O 13. Rfe1 Rfe8 14. a3 Bg4 15. Bg3 Bxg3 16. hxg3 Qd6 17. Nd2 {1-0 (97) Budrewicz,K (2183)-Tristan,L (2561) Chess.com INT 2022}) 11... dxe4 12. Nxe4 Nxe4 13. Qxe4 h6 14. Bh4 O-O 15. Bd3 g6 16. Qe3 Bf4 17. Bg3 Bxg3 18. hxg3 Kg7 19. Ne5 Nf6 {[%emt 0:17:50] [#]} (19... Rfe8 $15) 20. Nxg6 $1 $14 fxg6 21. Qxe6 Qf7 22. Rfe1 Qxe6 23. Rxe6 Rad8 24. Re7+ Rf7 25. Rxf7+ Kxf7 $16 {[%emt 0:00:08][%mdl 4096] Endgame KRB-KRN} 26. Bc4+ ({White should play} 26. Rd1 $16) 26... Kg7 $11 27. Rd1 c5 $1 28. d5 b5 29. Be2 Rxd5 30. f4 Rxd1+ 31. Bxd1 {[%emt 0:00:01] KB-KN} Nd5 32. Kf1 $2 {[%emt 0:10:43][%mdl 8192] Black converts the advantage convincingly.} (32. Bf3 $11 Nb4 33. Bb7) 32... Ne3+ $19 33. Ke2 Nxd1 34. Kxd1 {[%emt 0:00:01] KP-KP} h5 35. Kd2 Kf6 {[%emt 0:00:28] aiming for ...Kf5.} 36. g4 hxg4 {[%emt 0:00:34] Black mates.} 37. g3 Kf5 38. Kd3 g5 39. fxg5 Kxg5 40. Ke4 c4 41. a3 Kf6 42. Kd5 Kf5 43. Kd4 Ke6 44. Kc5 Ke5 45. Kb6 Kd6 46. Kxa6 {[%emt 0:00:01] [#] K3P-K3P} Kc6 $1 47. Ka5 Kc5 48. Ka6 {[%emt 0:00:13] [#]} b4 $1 49. axb4+ Kxb4 {[%emt 0:00:04] KPP-KPP} 50. Kb6 c3 51. bxc3+ Kxc3 52. Kc5 Kd3 53. Kd5 Ke3 54. Ke5 Kf3 55. Kd4 Kxg3 {[%emt 0:00:14] Weighted Error Value: White=0.43/Black=0.08 (flawless)} 0-1

[Event "GER-chT States Women 2022"]
[Site "Braunfels"]
[Date "2022.06.17"]
[Round "3.27"]
[White "Albayrak, Nese Pinar"]
[Black "Peglau, Mirjam"]
[Result "0-1"]
[ECO "B12"]
[WhiteElo "1683"]
[BlackElo "1834"]
[Annotator "NA RC"]
[PlyCount "58"]
[EventDate "2022.06.15"]
[EventType "swiss"]
[EventCountry "GER"]
[SourceTitle "playchess.com"]
[Source "ChessBase"]
[SourceQuality "1"]
[TimeControl "40/5400+30:1800+30"]

1. e4 c6 2. d4 d5 3. e5 Bf5 4. h4 h5 5. Bd3 Bxd3 6. Qxd3 e6 7. Nf3 Nd7 8. Be3 Ne7 9. Nbd2 Nf5 10. O-O-O Qb6 11. Ng5 c5 12. dxc5 Nxc5 13. Bxc5 Bxc5 14. Nc4 Qc7 15. Ne3 Bxe3+ 16. fxe3 O-O-O 17. Rh3 Rhf8 18. Qe2 Qxe5 19. Qxh5 Nxe3 20. Re1 d4 21. Qe2 Qd5 22. Kb1 Nxg2 23. Rf1 Ne3 24. Rxf7 Rxf7 25. Nxf7 Rf8 26. Rf3 Rxf7 27. Rxf7 Qh1+ 28. Rf1 Qxf1+ 29. Qxf1 Nxf1 0-1

[Event "GER-chT States Women 2022"]
[Site "Braunfels"]
[Date "2022.06.17"]
[Round "3.28"]
[White "Daemering, Katrin"]
[Black "Pavlov, Liliane"]
[Result "1-0"]
[ECO "B98"]
[WhiteElo "1966"]
[BlackElo "1742"]
[Annotator "TA"]
[PlyCount "117"]
[EventDate "2022.06.15"]
[EventType "swiss"]
[EventCountry "GER"]
[SourceTitle "playchess.com"]
[Source "ChessBase"]
[SourceQuality "1"]
[TimeControl "40/5400+30:1800+30"]

1. e4 c5 2. Nf3 d6 3. d4 cxd4 4. Nxd4 Nf6 5. Nc3 a6 6. Bg5 e6 7. f4 Be7 8. Qf3 h6 9. Bxf6 Bxf6 10. O-O-O Qb6 11. Nb3 Bd7 {[%emt 0:01:53] B98: Sicilian Najdorf: 6 Bg5 e6 7 f4 Be7, sidelines.} 12. Qd3 Be7 {[%emt 0:01:11] [#]} 13. Kb1 $146 ({Predecessor:} 13. Qd4 Qxd4 14. Nxd4 Nc6 15. Nce2 O-O 16. g3 Rfd8 17. Bg2 Rac8 18. Kb1 Bf6 19. Rd2 {0-1 (32) Gil Ojeda,J (1793)-Hernandez Leon,A (2277) Tenerife 2016}) 13... Nc6 {[%emt 0:04:37] The position is equal.} 14. Be2 O-O-O 15. Bf3 Kb8 16. Rhe1 g5 17. g3 Qc7 18. Qe3 b5 (18... Na5 $11) 19. Rd2 Bc8 (19... Qa7 $11) 20. Red1 ({Better is} 20. a4 $16) 20... Bb7 (20... h5 $11) 21. a3 Rhe8 22. Nd4 Na5 23. Be2 Nc4 24. Bxc4 Qxc4 25. Nb3 Qc7 26. Rd3 Rc8 27. Qf2 Rf8 28. Qe2 Rg8 29. Qh5 Rg6 (29... Bf8 $14) 30. Qe2 (30. f5 $16 exf5 31. exf5) 30... Rcg8 (30... Rgg8 $1 $11 {and Black stays safe.}) 31. f5 $18 R6g7 32. g4 (32. e5 $142 d5 33. f6) 32... Re8 $2 (32... Rh7 {was worth a try.}) 33. Qf2 (33. e5 $142 d5 34. f6 Bxf6 35. exf6) 33... Rgg8 34. f6 Bf8 35. Nd4 (35. Na2 $1 $18 {is the precise move to win.}) 35... Rg6 {[%emt 0:00:55] [#]} (35... Rc8 $16) 36. Ndxb5 $1 axb5 37. Nxb5 Qa5 {[%emt 0:01:12] [#] Inhibits Qa7+.} 38. Nxd6 {[%emt 0:01:08] 0x0.00166d5a2429dp-1022s more active pieces. The black rooks are badly placed.} (38. Rb3 $1 $16 Qa6 39. Nc3) 38... Bxd6 $11 39. Rxd6 {[%emt 0:00:02] Black must now prevent Rd7.} Rgg8 40. Qd4 Qa7 $2 {[%emt 0:00:49][%mdl 8192] Black is now going downhill.} (40... Rc8 $11 {and Black is okay.}) 41. Qb4 $18 Rc8 $2 (41... Ka8 42. Rd7 Rb8 43. Rxf7 Rgc8) 42. Rd7 Rc7 43. Rxc7 Kxc7 44. Qe7+ (44. Qd6+ $142 Kc8 45. Rd3 Qg1+ 46. Ka2) 44... Kb8 45. Qxf7 Rc8 46. Qxe6 Qa4 $2 {[%emt 0:02:39] [#]} (46... Qc5 47. Rd2 Qc6 48. Qxc6 Bxc6) 47. Qd6+ (47. Qxc8+ $142 $3 Bxc8 48. f7) 47... Ka8 (47... Ka7 $142 48. Qd4+ Qxd4 49. Rxd4 Re8) 48. f7 Qxc2+ 49. Ka1 Qf2 50. Qe7 Qf3 51. Qd7 {[%emt 0:04:59] Hoping for Rd4.} Qf4 52. Rd4 Qf6 53. Ra4+ {[%emt 0:01:50] White mates.} Kb8 54. Rb4 Rc7 55. Qe8+ Rc8 56. e5 Qd8 57. Qxd8 Rxd8 58. e6 Kc7 {[%emt 0:00:35] [#]} 59. Rxb7+ $1 {[%emt 0:00:28][%mdl 512] Weighted Error Value: White=0.56/Black=0.81} 1-0

[Event "GER-chT States Women 2022"]
[Site "Braunfels"]
[Date "2022.06.17"]
[Round "3.29"]
[White "Prinzen, Siri Marleen"]
[Black "Just, Anita"]
[Result "1/2-1/2"]
[ECO "A40"]
[WhiteElo "1744"]
[BlackElo "1895"]
[Annotator "NA RC"]
[PlyCount "136"]
[EventDate "2022.06.15"]
[EventType "swiss"]
[EventCountry "GER"]
[SourceTitle "playchess.com"]
[Source "ChessBase"]
[SourceQuality "1"]
[TimeControl "40/5400+30:1800+30"]

1. d4 e6 2. Nf3 f5 3. b3 Nf6 4. Bb2 Bb4+ 5. c3 Be7 6. Nbd2 b6 7. e3 Bb7 8. Bd3 Ne4 9. Bxe4 fxe4 10. Ne5 O-O 11. Qg4 Rf5 12. f3 d6 13. fxe4 Rf6 14. Nd3 Nd7 15. Nf4 Nf8 16. O-O-O Qe8 17. c4 b5 18. c5 a5 19. h4 b4 20. h5 Rh6 21. Qe2 Bf6 22. g4 dxc5 23. Rdg1 Qe7 24. Nh3 g5 25. hxg6 Rxg6 26. Nf4 Rg5 27. Nh3 Rg7 28. Rh2 cxd4 29. exd4 Qd7 30. e5 Be7 31. Nf4 c5 32. Nh5 Rf7 33. Ne4 Ba6 34. Qd2 Qc6 35. Nhf6+ Kh8 36. Kb1 c4 37. bxc4 Bxf6 38. Nxf6 Qxc4 39. Qh6 Raa7 40. Rgh1 Qd3+ 41. Ka1 a4 42. Rh3 ({Much less strong is} 42. Qg5 $6 Rg7 43. Qd2 Qxd2 44. Rxd2 a3 $14) 42... Qg6 43. Qxg6 Nxg6 {[%emt 0:00:08] [#]} 44. d5 $1 Nf4 45. dxe6 (45. R3h2 $18) 45... Nxe6 $2 (45... Rg7 $16) 46. Bc1 Bc4 47. g5 Nf8 48. Rh4 Rac7 49. Ne8 Bd5 50. Nxc7 Bxh1 51. Rxh1 Rxc7 52. Bd2 Rb7 53. Rh4 Kg7 54. Rxb4 Rxb4 55. Bxb4 Ne6 56. Kb2 Nxg5 57. Kc2 Kf7 58. Kd3 Ke6 59. Bc3 Kd5 60. Bd2 Nf3 61. Bf4 Nxe5+ 62. Kc3 h5 $11 (62... Ng6 $1 $15 63. Bg3 Kc5) 63. Bg3 Nd7 64. Kb4 Nc5 65. Bh4 Kc6 66. Be7 Ne4 67. Kxa4 Nc3+ (67... Kd7 $5 68. Bh4 Nd2 $11) 68. Kb3 Nxa2 1/2-1/2

[Event "GER-chT States Women 2022"]
[Site "Braunfels"]
[Date "2022.06.17"]
[Round "3.30"]
[White "Lowke, Kathrin"]
[Black "Albayrak, Berrak"]
[Result "1-0"]
[ECO "B08"]
[WhiteElo "1850"]
[BlackElo "1569"]
[Annotator "NA RC"]
[PlyCount "53"]
[EventDate "2022.06.15"]
[EventType "swiss"]
[EventCountry "GER"]
[SourceTitle "playchess.com"]
[Source "ChessBase"]
[SourceQuality "1"]
[TimeControl "40/5400+30:1800+30"]

1. e4 d6 2. d4 Nf6 3. Nc3 g6 4. Nf3 Bg7 5. Be3 O-O 6. h3 c6 7. Qd2 Re8 8. O-O-O Qc7 9. Bh6 Bh8 10. Ng5 b5 11. f4 e5 12. d5 b4 13. Ne2 c5 14. Ng3 a5 15. f5 a4 16. fxg6 hxg6 17. h4 a3 18. b3 Ba6 19. h5 Bxf1 20. Rdxf1 Na6 21. hxg6 fxg6 22. Ne6 Qf7 23. Bg5 c4 24. Bxf6 Bxf6 25. Qh6 Rxe6 26. dxe6 Qg7 27. Rxf6 1-0

[Event "GER-chT States Women 2022"]
[Site "Braunfels"]
[Date "2022.06.17"]
[Round "3.31"]
[White "Schilay, Maria"]
[Black "Kosovska, Olena"]
[Result "0-1"]
[ECO "B23"]
[WhiteElo "1568"]
[BlackElo "1827"]
[Annotator "NA RC"]
[PlyCount "68"]
[EventDate "2022.06.15"]
[EventType "swiss"]
[EventCountry "GER"]
[SourceTitle "playchess.com"]
[Source "ChessBase"]
[SourceQuality "1"]
[TimeControl "40/5400+30:1800+30"]

1. e4 c5 2. Nc3 a6 3. g3 Nc6 4. Bg2 d6 5. d3 Nf6 6. h3 e6 7. Be3 Be7 8. Nge2 Rb8 9. O-O b5 10. f4 Bb7 11. d4 b4 12. Nb1 O-O 13. Nd2 Qc7 14. Nb3 Rfd8 15. Qe1 c4 16. Nd2 Na7 17. c3 bxc3 18. Nxc3 Ba8 19. Rb1 Nb5 20. Qc1 Rbc8 21. e5 dxe5 22. dxe5 Nd5 23. Nde4 Nxe3 24. Qxe3 Rd3 25. Qc1 Nxc3 26. bxc3 Qa5 27. Kh2 Rcd8 28. Rb2 Ba3 29. Rff2 Bxe4 30. Bxe4 Rxc3 31. Qb1 Bxb2 32. Rxb2 g6 33. Rg2 Re3 34. Qc2 c3 0-1

[Event "GER-chT States Women 2022"]
[Site "Braunfels"]
[Date "2022.06.17"]
[Round "3.32"]
[White "Neumeyer, Hannelore"]
[Black "Alferova, Emily"]
[Result "1-0"]
[ECO "D00"]
[WhiteElo "1877"]
[BlackElo "1536"]
[Annotator "NA RC"]
[PlyCount "63"]
[EventDate "2022.06.15"]
[EventType "swiss"]
[EventCountry "GER"]
[SourceTitle "playchess.com"]
[Source "ChessBase"]
[SourceQuality "1"]
[TimeControl "40/5400+30:1800+30"]

1. d4 d5 2. e4 dxe4 3. Nc3 Nf6 4. f3 exf3 5. Nxf3 e6 6. Bd3 Be7 7. Bg5 h6 8. Bh4 a6 9. Qd2 Nc6 10. a3 Bd7 11. O-O O-O 12. Rae1 Be8 13. Kh1 Nd5 14. Bxe7 Ncxe7 15. Nxd5 Nxd5 16. c4 Nf6 17. Ne5 b6 18. Bb1 c5 19. Qc2 cxd4 20. Qd3 g6 21. Rf4 Nh5 22. Rxd4 Qg5 23. Rg4 Qf5 24. Qe3 Qf6 $18 25. Qxh6 Rd8 26. Qxh5 Rd2 27. Nf3 Rf2 28. Qe5 Rxf3 29. gxf3 Qxf3+ 30. Rg2 Bc6 31. Be4 Bxe4 32. Qxe4 1-0

[Event "GER-chT States Women 2022"]
[Site "Braunfels"]
[Date "2022.06.17"]
[Round "3.33"]
[White "Rieping, Lea"]
[Black "Krasnopeyeva, Julia"]
[Result "1/2-1/2"]
[ECO "A45"]
[WhiteElo "1912"]
[BlackElo "1939"]
[Annotator "TA"]
[PlyCount "83"]
[EventDate "2022.06.15"]
[EventType "swiss"]
[EventCountry "GER"]
[SourceTitle "playchess.com"]
[Source "ChessBase"]
[SourceQuality "1"]
[TimeControl "40/5400+30:1800+30"]

1. d4 Nf6 2. Nc3 d5 3. Bf4 g6 4. Nb5 Na6 5. e3 Nh5 {[%emt 0:03:49] [#]} 6. Bg5 $146 {[%emt 0:00:39] D00: 1 d4 d5: Unusual lines.} ({Predecessor:} 6. Qf3 Nxf4 7. Qxf4 Bg7 8. Nf3 O-O 9. h4 h5 10. Ne5 c5 11. Nc3 Nb4 12. O-O-O cxd4 13. Rxd4 Bxe5 14. Qxe5 {0-1 (55) Lloyd,J-Zhong,H (1867) Stillwater 2012}) 6... c6 7. Nc3 Nc7 8. Be2 Ng7 9. Nf3 Nf5 10. h4 Ne6 11. g4 Nd6 12. Qd3 $2 (12. h5 $1 $15) 12... h6 $19 13. Bf4 Nxf4 14. exf4 Bxg4 15. O-O-O Bf5 16. Qe3 Qc7 (16... Bg7 17. h5 $17) (16... h5 $1 $19 17. Bd3 Bg7) 17. h5 $17 O-O-O 18. Ne5 gxh5 19. Bxh5 e6 20. Rhg1 (20. Ne2 $17) 20... f6 $1 $19 21. Ng6 Bxg6 (21... Nc4 $17 22. Qf3 Qa5 $1 23. Nxf8 (23. Nxh8 $2 Ba3 $19) 23... Qb4) 22. Qxe6+ $15 Kb8 23. Rxg6 Ne8 (23... Nc4 $1 $15 24. Rxf6 Qa5) 24. Rg4 Bd6 25. Bxe8 (25. Ne2 $1 $11 {remains equal.}) 25... Rdxe8 (25... Bxf4+ $17 26. Kb1 Rdxe8 27. Qxf6 Ref8) 26. Qxf6 (26. Qf5 $1 $15) 26... Ref8 27. Qh4 {[%emt 0:09:06] [#]} (27. Qg6 $17 {keeps fighting.}) 27... Bxf4+ (27... h5 $1 $19 28. Rg6 Rxf4) 28. Kb1 $17 Bg5 29. Qh3 Rhg8 (29... Rxf2 $17 {And now ...Rhf8 would win.} 30. Na4 (30. Rxg5 $2 Rh2 $19) 30... Rhf8) 30. Rf1 $15 Qf7 31. Ne2 Qe7 32. Qh2+ Kc8 33. f4 {[%emt 0:01:44] aiming for Rfg1.} Qe6 34. Rgg1 Bd8 35. Rxg8 Rxg8 36. f5 {[%emt 0:00:58] [#]} (36. Nc1 $11) 36... Qf6 ({Black should try} 36... Qe4 $1 $17 {Hoping for ...Rg2.} 37. Qe5 (37. f6 $2 Rg2 $19) 37... Rg2 38. Qxe4 dxe4) 37. Qe5 Rf8 38. Qe3 Bc7 39. Rh1 {[%emt 0:00:54] The position is equal.} Qxf5 40. Qxh6 Re8 41. Nc1 Bf4 42. Qg7 {[%emt 0:00:43] Weighted Error Value: White=0.30/Black=0.22 (precise)} 1/2-1/2